cohdb
Replays
Latest Replays
All Replays
Popular Replays
Top Player Replays
Match Explorer
How It Works
Community
CoH3 Stats
Reddit
Sign in to upload your games and track your stats! →
Sign in with Steam
Match 45246183
Unlisted
Match 45246183
Overview
Messages
Build Orders
End
Panzergrenadier Squad
Selects Panzerjäger Kommand Battlegroup
Panzergrenadier Squad
250 Light Carrier
Panzergrenadier Squad
Selects Blockade Equipment
Construct Light Support Kompanie
MG34 Team
Selects Tank Busters
Panzerjäger Mechanized Group
2.5-tonne Medical Truck
Construct Mechanized Kompanie
Assault Mechanized Group
Marder III Tank Destroyer
Construct Panzerarmee Kommand
Selects Crew Shock Tactics
Walking Stuka Rocket Launcher
Protein
MoronPark-CPLASF
kxSven
vincent
HeavenWarrior
Bang Ron
你的磊爸爸
n1ck123
0
0
Comments
sign in to comment!
No comments posted yet!